 Dungeon Crawl Stone Soup version 0.24.1-8-ga250c9d538 (webtiles) character file.

Game seed: 1027712085227840308, levelgen mode: deterministic

49 schauveau the Cudgeler (level 3, -19/24 HPs)
             Began as a Gargoyle Monk on Apr 29, 2020.
             Demolished by an ogre
             ... wielding a +0 giant club
              (20 damage)
             ... on level 4 of the Dungeon.
             The game lasted 00:02:16 (1277 turns).

schauveau the Cudgeler (Gargoyle Monk)              Turns: 1277, Time: 00:02:16

Health: -19/24     AC:  9    Str: 15    XL:     3   Next: 77%
Magic:  3/3        EV: 10    Int: 10    God:
Gold:   95         SH:  0    Dex: 12    Spells: 2/2 levels left

rFire    . . .     SeeInvis .   a - +0 mace
rCold    . . .     Gourm    .   (no shield)
rNeg     + . .     Faith    .   g - +0 scale mail (curse)
rPois    ∞         Spirit   .   (no helmet)
rElec    +         Reflect  .   (no cloak)
rCorr    .         Harm     .   (no gloves)
MR       .....                  (no boots)
Stlth    +.........             (no amulet)
HPRegen  0.08/turn              (no ring)
MPRegen  0.08/turn              (no ring)

@: no status effects
A: negative energy resistance 1, electricity resistance, unbreathing,
petrification resistance, rot immunity, AC +3
a: no special abilities


You were on level 4 of the Dungeon.
You were not hungry.

You visited 1 branch of the dungeon, and saw 4 of its levels.

You collected 95 gold pieces.

Inventory:

Hand Weapons
 a - a +0 mace (weapon)
Missiles
 m - 3 silver boomerangs (quivered)
Armour
 g - a cursed +0 scale mail (worn)
Scrolls
 e - a scroll of enchant weapon {unknown}
 f - a scroll of noise {unknown}
 h - a scroll of amnesia {unknown}
 i - a scroll of immolation {unknown}
 j - a scroll of remove curse {unknown}
Potions
 b - a potion of flight {unknown}
 d - a potion of curing {unknown}
 k - a potion of resistance {unknown}
Comestibles
 c - 5 rations
 l - 6 chunks of flesh


   Skills:
 + Level 3.7 Fighting
 * Level 4.0 Maces & Flails
 * Level 1.2 Armour
 - Level 2.4 Dodging
 - Level 2.1 Stealth


You had 2 spell levels left.
You didn't know any spells.
Your spell library was empty.

Dungeon Overview and Level Annotations

Branches:
Dungeon (4/15)
 Temple: D:4-7

Altars:


Innate Abilities, Weirdness & Mutations

You are resistant to torment.
Your stone body is resilient. (AC +3)
You are immune to poison.
You resist negative energy. (rN+)
You are resistant to electric shocks. (rElec)
You can survive without breathing.
You are immune to petrification.
You are immune to rotting.


Message History

The worker ant twitches its antennae in your direction.
You hit the ogre.
The ogre is lightly wounded.
The ogre hits you with a +0 giant club!
Ouch! That really hurt!
Your scale mail prevents you from hitting the ogre.
The ogre is lightly wounded.
The ogre barely misses you.
You hit the ogre but do no damage.
The ogre is lightly wounded.
The ogre hits you with a +0 giant club!
* * * LOW HITPOINT WARNING * * *
You thump the ogre!
The ogre is heavily wounded.
The ogre hits you but does no damage.
You barely miss the ogre.
The ogre is heavily wounded.
The ogre hits you with a +0 giant club!!
Ouch! That really hurt!
You die...

#.# #### #.# +#.....
#.# .#..... #.#
##.#a.... #.#
#........ #.#
##....!... #.#
#.........
######.#####........
#........@Oa..#.....
#.###########.# ...
#.# .# . #.# .#
##'## .# ##...## .#
##.....## .#
#..#.#..# .#
#.......#


You could see an ogre and a worker ant.

Vanquished Creatures
  A worm (D:3)
  3 dart slugs (D:1)
  A leopard gecko (D:1)
  4 orcs
  3 giant cockroaches
  4 goblins
  4 hobgoblins
  6 kobolds (D:1)
  A quokka (D:2)
  2 frilled lizards
  4 rats
33 creatures vanquished.

Notes
Turn   | Place    | Note
-------+----------+-------------------------------------------
     0 | D:1      | schauveau the Gargoyle Monk began the quest for the Orb.
     0 | D:1      | Reached XP level 1. HP: 14/14 MP: 1/1
   152 | D:1      | Reached XP level 2. HP: 18/19 MP: 2/2
   559 | D:1      | Reached skill level 1 in Armour
   559 | D:1      | Reached XP level 3. HP: 20/23 MP: 3/3
  1239 | D:4      | Reached skill level 4 in Maces & Flails
  1267 | D:4      | Noticed an ogre
  1275 | D:4      | HP: 1/24 [ogre/+0 giant club (9)]
  1277 | D:4      | Demolished by an ogre

Levels and vault maps discovered:
D:1:      dpeg_arrival_oval, layout_basic, wander_ebering_terrifying_dragon_lair
D:2:      layout_loops_ring, first_ration
D:3:      layout_loops_corners, minmay_liquid_box
D:4:      layout_loops_corners, kennysheep_small_circle, uniq_menkaure,
          uniq_ijyb

Skill      XL: |  1  2  3 |
---------------+----------+-----
Armour         | 1 |  1.2
Maces & Flails | 4 |  4.0
Fighting       | |  3.7
Dodging        | |  2.4
Stealth        | |  2.1

Action                   || total
-------------------------++-------
Melee: Mace              ||   107
 Stab: Sleeping          ||     1
  Eat: Chunk             ||     1
Armor: Robe              ||     6
       Scale mail        ||    34
Dodge: Dodged            ||    54
